AoeStats
← Hector need some tuna

Amazon Tunnel

502814598Analyzed
2v2v2v2 RM · 1mo ago on Aug 29, 2026· 138m 10s· 8 players
Game mode
Random Map
Map size
Huge
Population
400
Speed
Normal
Resources
Standard
Victory
Standard
Starting age
Dark Age
Ending age
Dark Age
RankedLock teamsTeams togetherTeam positionsShared explorationLock speedFull tech treeHidden civsTurbo modeCheats

Team 2

Victory
🇺🇸 Bengalis · United States
1307
+12
🇺🇸 Persians · United States
1284
+13

Team 3

Defeat
🇨🇳 Persians · China
1230
-4
🇺🇸 Byzantines · United States
1115
-3

Team 4

Defeat
🇨🇳 Achaemenids · China
1250
-5
🇦🇺 Byzantines · Australia
1208
-4

Team 5

Defeat
🇨🇳 Aztecs · China
1283
-5
🇨🇳 Athenians · China
1271
-5
ForceWiz
7:09 Loom
10:43 Feudal Age
15:14 Castle Age
13:10 Double-Bit Axe
13:55 Horse Collar
16:42 Bow Saw
22:15 Heavy Plow
23:44 Wheelbarrow
23:24 Gold Mining
25:36 Hand Cart
25:48 Stone Mining
26:35 Gold Shaft Mining
27:18 Caravan
27:18 Town Watch
29:17 Town Patrol
33:43 Coinage
70:03 Imperial Age
71:24 Banking
71:07 Guilds
72:04 Two-Man Saw
74:27 Guilds
78:40 Crop Rotation
85:08 Fletching
85:19 Padded Archer Armor
85:24 Scale Barding Armor
85:20 Scale Mail Armor
85:30 Forging
86:05 Bodkin Arrow
86:22 Masonry
85:52 Treadmill Crane
86:02 Heated Shot
86:33 Ballistics
87:13 Chemistry
85:59 Arrowslits
86:04 Guard Tower
86:25 Fortified Wall
86:11 Murder Holes
86:21 Siege Engineers
86:27 Clinker Construction
86:23 Siphons
86:29 Careening
86:40 Shipwright
87:55 Architecture
87:43 Leather Archer Armor
87:49 Chain Barding Armor
88:33 Chain Mail Armor
93:07 Keep
92:35 Bracer
93:05 Ring Archer Armor
93:11 Plate Barding Armor
93:12 Iron Casting
101:17 Blast Furnace
100:38 Carvel Hull
100:38 Dry Dock
100:43 Mahayana
100:31 Paiks
100:46 Conscription
99:48 Elite Ratha (Ranged)
102:56 Spies/Treason
Coolman916
10:20 Feudal Age
14:19 Castle Age
12:35 Double-Bit Axe
12:46 Horse Collar
16:39 Bow Saw
21:24 Loom
22:40 Wheelbarrow
22:52 Heavy Plow
24:20 Hand Cart
23:52 Town Watch
24:18 Gold Mining
25:04 Stone Mining
27:18 Gold Shaft Mining
27:20 Stone Shaft Mining
30:25 Imperial Age
27:57 Fletching
28:31 Ballistics
28:23 Masonry
28:13 Murder Holes
30:30 Town Patrol
30:43 Bodkin Arrow
31:20 Architecture
31:51 Chemistry
31:53 Two-Man Saw
31:24 Crop Rotation
31:30 Conscription
30:41 Onager
32:12 Forging
32:08 Scale Barding Armor
33:18 Guilds
33:49 Hoardings
35:30 Chain Barding Armor
35:46 Iron Casting
34:36 Elite War Elephant
36:20 Citadels
37:30 Plate Barding Armor
39:28 Blast Furnace
42:11 Heated Shot
58:42 Sappers
59:15 Padded Archer Armor
59:15 Scale Mail Armor
59:07 Guard Tower
63:25 Bloodlines
63:16 Husbandry
103:39 Spies/Treason
121:10 Devotion
122:31 Faith
122:09 Herbal Medicine
122:26 Fervor
122:32 Block Printing
122:53 Theocracy
122:31 Careening
122:31 Clinker Construction
122:27 Siphons
122:38 Leather Archer Armor
122:38 Chain Mail Armor
122:29 Kamandaran
121:53 Heavy Scorpion
121:54 Capped Ram
断背山下
10:24 Feudal Age
14:22 Castle Age
13:21 Double-Bit Axe
15:05 Horse Collar
21:20 Loom
22:27 Wheelbarrow
22:02 Town Watch
24:31 Heavy Plow
24:47 Bow Saw
25:31 Stone Mining
25:32 Gold Mining
28:46 Hand Cart
28:32 Town Patrol
33:28 Imperial Age
31:43 Scale Barding Armor
31:48 Forging
32:55 Bloodlines
32:45 Husbandry
33:09 Chain Barding Armor
34:15 Gold Shaft Mining
34:15 Stone Shaft Mining
33:11 Onager
34:55 Conscription
35:22 Iron Casting
38:08 Plate Barding Armor
38:19 Elite War Elephant
44:01 Citadels
45:25 Fletching
46:35 Masonry
47:27 Chemistry
47:03 Bodkin Arrow
55:38 Padded Archer Armor
罗裙漫漫淑女臀下舞
0:28 Loom
10:39 Feudal Age
11:18 Double-Bit Axe
13:22 Wheelbarrow
12:30 Horse Collar
19:13 Castle Age
20:10 Bow Saw
20:03 Heavy Plow
20:20 Hand Cart
21:50 Stone Mining
23:17 Stone Shaft Mining
27:42 Gold Mining
30:30 Gold Shaft Mining
31:15 Treadmill Crane
31:46 Fortified Wall
31:31 Murder Holes
31:57 Ballistics
31:27 Guard Tower
37:41 Imperial Age
36:06 Caravan
39:04 Conscription
38:55 Logistica
38:05 Elite Cataphract
39:21 Hoardings
39:50 Two-Man Saw
39:25 Crop Rotation
39:57 Guilds
40:01 Scale Mail Armor
40:12 Forging
40:08 Scale Barding Armor
39:54 Fletching
40:04 Padded Archer Armor
41:34 Squires
40:55 Pikeman
41:21 Gambesons
40:57 Man-at-Arms
41:24 Arson
41:58 Chain Mail Armor
42:19 Iron Casting
42:52 Halberdier
46:23 Coinage
46:44 Coinage
48:11 Banking
49:26 Chemistry
48:12 Arrowslits
49:02 Keep
48:11 Onager
48:11 Capped Ram
50:38 Plate Mail Armor
50:04 Bodkin Arrow
50:24 Leather Archer Armor
50:30 Chain Barding Armor
52:01 Chain Barding Armor
57:11 Plate Barding Armor
57:06 Ring Archer Armor
56:37 Bracer
72:43 Bombard Tower
72:15 Siege Ram
85:53 Fervor
86:03 Sanctity
86:09 Illumination
85:46 Atonement
85:46 Devotion
88:10 Greek Fire
88:17 Husbandry
87:38 Heavy Camel Rider
87:38 Cavalier
87:38 Light Cavalry
116:12 Redemption
116:22 Faith
116:18 Block Printing
116:39 Theocracy
116:24 Heresy
Valid
11:09 Feudal Age
12:36 Double-Bit Axe
13:43 Forging
14:45 Scale Barding Armor
17:44 Horse Collar
22:06 Castle Age
20:49 Scale Mail Armor
22:53 Wheelbarrow
23:35 Bow Saw
22:48 #1195
24:25 Heavy Plow
24:54 Hand Cart
25:52 #1195
27:02 Loom
33:44 Imperial Age
31:51 Masonry
31:07 #1195
32:00 Town Watch
32:22 Caravan
34:59 Crop Rotation
36:08 Chemistry
35:32 Ballistics
35:40 Gold Mining
35:41 Stone Mining
35:48 Stone Mining
36:04 Town Patrol
36:33 Squires
36:18 Arson
36:00 Pikeman
36:43 Arrowslits
37:40 #1171
38:25 Husbandry
38:35 Bloodlines
38:51 #1195
38:59 #1195
39:44 Treadmill Crane
40:04 Murder Holes
40:25 Fortified Wall
39:40 #1171
41:32 Cavalier
41:36 Halberdier
43:01 Capped Ram
45:11 Iron Casting
44:56 Chain Barding Armor
44:52 Chain Mail Armor
44:27 Fletching
44:39 Padded Archer Armor
44:39 #1110
45:09 #1112
46:25 Hoardings
46:14 Conscription
46:35 #1115
48:54 Blast Furnace
48:29 Plate Barding Armor
50:01 Elite Skirmisher
53:39 Bodkin Arrow
53:59 Leather Archer Armor
56:42 Siege Engineers
56:41 Bracer
57:16 Paladin
63:53 Fervor
64:06 Faith
64:17 Herbal Medicine
65:12 Arson
Katy Perry
4:33 Loom
12:22 Feudal Age
13:50 Wheelbarrow
13:02 Double-Bit Axe
12:59 Horse Collar
13:12 Gold Mining
18:40 Castle Age
19:36 Hand Cart
19:34 Bow Saw
20:03 Caravan
25:56 Heavy Plow
27:32 Gold Shaft Mining
26:48 Stone Mining
30:19 Stone Shaft Mining
31:40 Coinage
31:03 Fletching
31:13 Padded Archer Armor
31:24 Forging
31:15 Scale Mail Armor
33:03 Scale Barding Armor
33:14 Leather Archer Armor
32:54 Bodkin Arrow
34:21 Fortified Wall
34:06 Murder Holes
34:02 Treadmill Crane
34:49 Ballistics
37:08 Imperial Age
34:52 Arson
35:07 Squires
34:53 Gambesons
34:47 Pikeman
36:13 Chain Barding Armor
36:09 Chain Mail Armor
36:29 Iron Casting
36:16 Husbandry
35:37 Light Cavalry
37:16 Guard Tower
38:28 Banking
38:08 Guilds
37:48 Arrowslits
39:03 Chemistry
39:15 Two-Man Saw
40:54 Chemistry
40:30 Keep
40:32 Ring Archer Armor
40:45 Crop Rotation
40:33 Bracer
41:04 Plate Mail Armor
41:18 Plate Barding Armor
41:34 Heavy Camel Rider
41:34 Cavalier
41:35 Hussar
43:25 Logistica
43:35 Conscription
43:18 Greek Fire
44:42 Hoardings
44:34 Elite Cataphract
46:19 Paladin
47:54 Bombard Tower
54:22 Thumb Ring
53:38 Heavy Cavalry Archer
55:31 Halberdier
58:57 Crossbowman
58:58 Elite Skirmisher
63:28 Onager
64:42 Arbalester
Rikitius
1:13 Loom
12:10 Feudal Age
12:46 Double-Bit Axe
14:01 Wheelbarrow
13:07 Horse Collar
18:06 Castle Age
19:41 Horse Collar
20:33 Fervor
21:26 Hand Cart
22:06 Bow Saw
24:44 Heavy Plow
25:33 Gold Mining
25:39 Stone Mining
28:17 Gold Shaft Mining
28:20 Stone Shaft Mining
30:57 Caravan
31:27 Coinage
32:48 Forging
32:39 Scale Mail Armor
36:28 Imperial Age
33:35 #1120
34:55 Iron Casting
34:04 Treadmill Crane
34:35 Masonry
34:47 Ballistics
37:02 Arson
36:42 Man-at-Arms
36:43 #1137
36:44 Pikeman
37:57 Long Swordsman
37:58 Halberdier
38:38 Squires
38:37 Town Watch
38:36 #1123
38:41 #1122
39:59 Hoardings
39:59 Architecture
40:33 Chemistry
40:53 Chain Mail Armor
42:56 Architecture
42:37 Fortified Wall
43:11 Plate Mail Armor
43:41 Blast Furnace
43:19 Architecture
50:31 Banking
50:04 #1204
54:45 Conscription
57:16 Theocracy
56:57 #1125
57:29 Champion
63:41 Illumination
63:33 Block Printing
63:19 Herbal Medicine
Hector need some tuna
0:29 Loom
11:12 Feudal Age
12:10 Horse Collar
17:34 Castle Age
15:39 Double-Bit Axe
21:51 Wheelbarrow
21:29 Bow Saw
25:15 Heavy Plow
26:28 Hand Cart
27:22 Eagle Warrior
28:02 Gold Mining
28:03 Stone Mining
28:34 Caravan
29:55 Forging
29:45 Scale Mail Armor
30:02 Squires
30:48 Gambesons
30:48 Arson
35:32 Imperial Age
32:41 Pikeman
32:42 Man-at-Arms
33:45 Chain Mail Armor
34:18 Gold Shaft Mining
34:19 Coinage
35:35 Stone Shaft Mining
36:15 Onager
36:21 Elite Eagle Warrior
38:26 Conscription
38:29 Garland Wars
38:49 Capped Ram
41:14 Iron Casting
41:10 Plate Mail Armor
40:31 Sappers
Connection lost

Rejoining the realm…

Still unreachable

The connection could not be restored.

Session expired

The server has moved on; the page needs a fresh start.